 Dungeon Crawl Stone Soup version 0.27.1 (webtiles) character file.

Game seed: 13943847695219395430

3441 pkoi the Basher (level 9, -1/81 HPs)
             Began as a Minotaur Fighter on Sept 2, 2021.
             Was a Follower of Okawaru.
             Slain by an unseen horror (5 damage)
             ... on level 8 of the Dungeon.
             The game lasted 00:09:40 (7611 turns).

pkoi the Basher (Minotaur Fighter)                  Turns: 7611, Time: 00:09:41

Health: -1/81      AC: 13    Str: 23    XL:     9   Next: 77%
Magic:  9/9        EV: 12    Int:  8    God:    Okawaru [*.....]
Gold:   430        SH: 17    Dex: 11    Spells: 8/8 levels left

rFire    + + .     SeeInvis .   a - +5 whip (venom)
rCold    . . .     Faith    .   c - +1 kite shield
rNeg     . . .     Spirit   .   b - +0 scale mail
rPois    +         Reflect  +   (helmet restricted)
rElec    .         Harm     .   (no cloak)
rCorr    .         Rampage  .   o - +2 pair of gloves
Will     ++...                  B - +1 pair of boots {Fly}
Stlth    ..........             A - amulet of Xom's Entertainment {Reflect rF++ Will++ Int+3 SH+5}
HPRegen  0.23/turn              f - ring of poison resistance
MPRegen  0.11/turn              r - +4 ring of evasion

@: flying
A: horns 2, retaliatory headbutt
a: Renounce Religion, Heroism


You were on level 8 of the Dungeon.
You worshipped Okawaru.
Okawaru was aware of your devotion.
You visited 2 branches of the dungeon, and saw 9 of its levels.
You also visited: Sewer.

You collected 430 gold pieces.

Inventory:

Hand Weapons
 a - a +5 whip of venom (weapon)
 m - a +0 flail
 u - a +1 whip of holy wrath
Missiles
 e - 28 poisoned darts (quivered)
 h - a curare-tipped dart
 s - 4 boomerangs
 G - 3 javelins
Armour
 b - a +0 scale mail (worn)
 c - a +1 kite shield (worn)
 o - a +2 pair of gloves (worn)
 B - a +1 pair of boots of flying (worn)
Jewellery
 f - a ring of poison resistance (left hand)
 p - a ring of fire
 r - a +4 ring of evasion (right hand)
 A - the amulet of Xom's Entertainment (around neck) {Reflect rF++ Will++ Int+3 SH+5}
   (You acquired it on level 5 of the Dungeon)

   [amulet of reflection]

   It reflects blocked missile attacks.
   Int:       It affects your intelligence (+3).
   rF:        It greatly protects you from fire.
   SH:        It affects your SH (+5).
   Will:      It greatly increases your willpower.
 D - a ring of ice
Wands
 q - a wand of iceblast (10)
Scrolls
 t - a scroll of amnesia
 v - 2 scrolls of enchant armour
 x - 3 scrolls of magic mapping
 y - a scroll of enchant weapon
 C - 2 scrolls of fog
 E - 2 scrolls of identify
 F - a scroll of torment {unknown}
Potions
 d - a potion of might
 g - 2 potions of magic
 i - 4 potions of attraction {unknown}
 j - 3 potions of haste {unknown}
 k - a potion of invisibility
 l - a potion of cancellation {unknown}
 n - 2 potions of flight
 w - 2 potions of degeneration {unknown}
 z - a potion of curing
 H - a potion of lignification {unknown}


   Skills:
 + Level 8.1 Fighting
 * Level 10.4 Maces & Flails
 + Level 1.2 Throwing
 + Level 8.1 Armour
 + Level 8.0 Shields
 + Level 2.4 Invocations
 + Level 1.0 Evocations


You had 8 spell levels left.
You didn't know any spells.
Your spell library contained the following spells:

 Spells                   Type           Power      Damage    Failure   Level
 Magic Dart               Conj           0%         1d3       94%         1
 Searing Ray              Conj           0%         3d3       98%         2
 Static Discharge         Conj/Air       0%         N/A       98%         2
 Sublimation of Blood     Necr           0%         N/A       98%         2
 Wereblood                Tmut           0%         N/A       98%         2
 Frozen Ramparts          Ice            0%         1d2       100%        3
 Dispel Undead            Necr           0%         3d6       100%        4
 Fulminant Prism          Conj/Hex       0%         3d6       100%        4
 Ice Form                 Ice/Tmut       0%         N/A       100%        4
 Sticky Flame             Conj/Fire      0%         2d3       100%        4
 Summon Ice Beast         Ice/Summ       0%         N/A       100%        4
 Summon Lightning Spire   Summ/Air       0%         N/A       100%        4
 Summon Mana Viper        Hex/Summ       0%         N/A       100%        5
 Monstrous Menagerie      Summ           0%         N/A       100%        7
 Storm Form               Tmut/Air       0%         N/A       100%        7
 Summon Hydra             Summ           0%         N/A       100%        7
 Maxwell's Capacitive Co  Air            0%         ∞         100%        8


Dungeon Overview and Level Annotations

Branches:
Dungeon (8/15)             Temple (1/1) D:7           Sewer (visited)
   Lair: D:8-11

Altars:
Ashenzari
Cheibriados
Dithmenos
Elyvilon
Fedhas
Gozag
Hepliaklqana
Kikubaaqudgha
Makhleb
Nemelex Xobeh
Okawaru
Qazlal
Ru
Sif Muna
Trog
Uskayaw
Vehumet
Wu Jian
Xom
Yredelemnul
Zin
The Shining One

Annotations:
D:2 Sigmund
D:6 2 transporters, nxtlvl's ghost, weakling OgDe


Innate Abilities, Weirdness & Mutations

You have a pair of horns on your head.
You reflexively headbutt those who attack you in melee.


Message History

Something hits you but does no damage.
The electric eel shoots out a bolt of lightning at you!
The bolt of electricity hits you.
Unknown command.
You hit the electric eel.
The electric eel is poisoned.
Your headbutt misses the electric eel.
The electric eel is lightly wounded.
The electric eel shoots out a bolt of lightning at you!
The bolt of electricity hits you!
* * * LOW HITPOINT WARNING * * *
You miss the electric eel. Your headbutt misses the electric eel.
The electric eel is lightly wounded.
Something hits you but does no damage.
The electric eel shoots out a bolt of lightning at you!
The bolt of electricity hits you!
* * * LOW HITPOINT WARNING * * *
You barely miss the electric eel.
The electric eel is moderately wounded.
Something hits you!
* * * LOW HITPOINT WARNING * * *
You hit the electric eel. You headbutt the electric eel.
You kill the electric eel!
Okawaru accepts your kill.
You hear a splash.
Something barely misses you.
Unknown command.
You start resting.
You block something's attack.
There is a strange disturbance nearby!
Something hits you but does no damage. Something hits you.
* * * LOW HITPOINT WARNING * * *
Something hits you.
* * * LOW HITPOINT WARNING * * *
You closely miss something. Your headbutt misses something.
Something hits you but does no damage. Something hits you but does no damage.
Something hits you!
* * * LOW HITPOINT WARNING * * *
You closely miss something. Something hits you.
You die...

.≈...≈...≈...≈.#
≈.≈.≈.≈.≈.≈.≈.≈#
...≈...≈...≈...##
≈.≈.≈.≈.≈.≈.≈.≈.#
.≈...≈...≈...≈..#
≈.≈.≈.≈.≈.≈.≈.≈.##
...≈...≈...≈.....#
≈.≈.≈.≈.≈.≈.≈.≈..#
.≈...≈...@...≈...#
≈.≈.≈.≈.≈.≈.≈.≈..#
...≈...≈...≈.....#
≈)≈.≈.≈.≈.≈.≈.≈#.#
.≈...≈...≈...≈.#.#
#.≈.≈.≈.≈.≈.≈.##.#
#.###....<.....#.#
#.. #.#..........#
#.# #.#.######.#.#
#.#


There were no monsters in sight!

Vanquished Creatures
  Pikel (D:6)
  3 yaks (D:7)
  Eustachio (D:4)
  2 steam dragons
  Menkaure (D:6)
  A water moccasin (D:8)
  A sky beast (D:6)
  2 centaurs (D:8)
  5 kobold brigands
  A bullfrog (D:6)
  A wyvern zombie (D:5)
  2 scorpions
  A howler monkey (D:6)
  5 wights (D:6)
  An electric eel (D:8)
  2 jellies
  A bullfrog zombie (D:6)
  3 hounds
  A centaur zombie (D:7)
  4 orc priests
  A centaur skeleton (D:6)
  A bullfrog skeleton (D:7)
  5 iguanas
  2 orc wizards
  2 river rats (Sewer)
  16 adders
  2 white imps
  An ufetubus (D:5)
  An adder skeleton (D:4)
  3 worms (Sewer)
  3 dart slugs
  20 orcs
  13 ball pythons
  6 bats
  11 endoplasms
  6 giant cockroaches
  10 goblins
  7 hobgoblins
  7 jackals
  A quokka (D:1)
  3 frilled lizards
  16 kobolds
  13 rats
  A spectral goblin (D:3)
190 creatures vanquished.

Notes
Turn   | Place    | Note
-------+----------+-------------------------------------------
     0 | D:1      | pkoi the Minotaur Fighter began the quest for the Orb.
     0 | D:1      | Reached XP level 1. HP: 19/19 MP: 0/0
    70 | D:1      | Reached XP level 2. HP: 27/27 MP: 1/1
   108 | D:1      | Reached skill level 3 in Maces & Flails
   825 | D:2      | Reached XP level 3. HP: 33/33 MP: 2/2
   901 | D:2      | Noticed Sigmund
  1251 | D:2      | Reached XP level 4. HP: 40/40 MP: 3/3
  1477 | D:3      | Reached skill level 4 in Maces & Flails
  1566 | D:3      | Found a faded altar of an unknown god.
  1670 | D:3      | Reached XP level 5. HP: 46/47 MP: 4/4
  2328 | D:4      | Noticed Eustachio
  2338 | D:4      | Killed Eustachio
  2339 | D:4      | Reached skill level 5 in Maces & Flails
  2339 | D:4      | Reached XP level 6. HP: 49/55 MP: 5/5
  2485 | D:4      | Reached skill level 5 in Armour
  2533 | D:4      | Reached skill level 5 in Fighting
  2533 | D:4      | Reached skill level 5 in Shields
  3005 | D:5      | Entered Level 5 of the Dungeon
  3130 | D:5      | Identified 2 scrolls of acquirement
  3130 | D:5      | Acquired a +1 pair of boots of flying
  3141 | D:5      | Acquired the amulet of Xom's Entertainment {Reflect rF++
                  | Will++ Int+3 SH+5}
  3338 | D:5      | Found a glowing drain.
  3351 | Sewer    | Entered a sewer
  3380 | Sewer    | Reached skill level 6 in Maces & Flails
  3407 | Sewer    | Reached XP level 7. HP: 61/61 MP: 6/6
  4089 | D:5      | Reached skill level 7 in Maces & Flails
  4609 | D:6      | Reached XP level 8. HP: 70/70 MP: 7/7
  4699 | D:6      | Found a transporter.
  4703 | D:6      | Found a transporter.
  4703 | D:6      | Noticed nxtlvl's ghost (weakling OgDe)
  4740 | D:6      | Noticed a queen bee
  4862 | D:6      | Reached skill level 8 in Maces & Flails
  4872 | D:6      | Noticed Menkaure
  5128 | D:6      | Killed Menkaure
  5406 | D:6      | Noticed Pikel
  5423 | D:6      | Killed Pikel
  5424 | D:6      | Reached skill level 9 in Maces & Flails
  5549 | D:6      | Reached XP level 9. HP: 79/79 MP: 8/8
  6293 | D:7      | Found a staircase to the Ecumenical Temple.
  6305 | Temple   | Entered the Ecumenical Temple
  6392 | Temple   | Became a worshipper of Warmaster Okawaru
  6450 | D:7      | Found an opulent altar of Gozag.
  6492 | D:7      | Reached skill level 1 in Invocations
  7034 | D:7      | Reached * piety under Okawaru
  7035 | D:7      | Reached skill level 10 in Maces & Flails
  7458 | D:8      | Reached skill level 1 in Throwing
  7477 | D:8      | Reached skill level 1 in Evocations
  7610 | D:8      | HP: 4/81 [something (7)]
  7611 | D:8      | Slain by an unseen horror

Illustrated notes

Levels and vault maps discovered:
D:1:      lemuel_arrival_broad_hall, layout_rooms, minmay_tetromino_o4
D:2:      layout_loops_ring, uniq_sigmund
D:3:      layout_basic, dreamdust_ecumenical_altar_drowned_temple,
          moated_statue, palyth_stone_intersect, minmay_misc_feat_rows,
          minmay_quadrilaterals
D:4:      layout_gridville, uniq_eustachio
D:5:      layout_loops_corners, portal_sewer_entry_b
D:6:      layout_basic, gammafunk_ghost_hive, uniq_menkaure, uniq_pikel
D:7:      layout_cave_pods, grunt_gozag_breadcrumbs,
          minmay_temple_entry_drinking_statues, minmay_starry_boxes
D:8:      layout_loops_ring, st_stairs_9, kennysheep_crisscross
Temple:   grunt_wide_crystal_templ

Skill      XL: |  1  2  3  4  5  6  7  8  9 |
---------------+----------------------------+-----
Maces & Flails | 3 4 5 6 7 9 10 | 10.4
Fighting       | 4 5 6 7 8 |  8.1
Armour         | 4 5 6 7 8 |  8.1
Shields        | 4 5 6 7 8 |  8.0
Invocations    | 2 |  2.4
Throwing       | 1 |  1.2
Evocations     | 1 |  1.0

Action                   |  1- 3 |  4- 6 |  7- 9 || total
-------------------------+-------+-------+-------++-------
Melee: Flail             |    66 |    13 |       ||    79
       Headbutt          |     6 |    22 |    47 ||    75
       Whip              |       |   139 |   259 ||   398
  Use: Scroll            |     4 |     4 |     6 ||    14
Armor: Scale mail        |    35 |    48 |    35 ||   118
Dodge: Dodged            |    36 |    46 |    51 ||   133
Block: Kite shield       |    42 |    93 |   135 ||   270
       Reflection        |       |     2 |    10 ||    12
